 Dungeon Crawl Stone Soup version 0.31-a0-559-g03b8d61ab2 (webtiles) character file.

Game seed: 205404671509361038

613 Ethylacetat the Insei (level 7, -3/49 HPs)
             Began as an Octopode Gladiator on Aug 17, 2023.
             Was an Initiate of Gozag.
             Slain by an orc
             ... wielding a +0 hand axe
              (6 damage)
             ... on level 5 of the Dungeon.
             The game lasted 00:04:08 (3633 turns).

Ethylacetat the Insei (Octopode Gladiator)          Turns: 3633, Time: 00:04:08

Health: -3/49      AC:  1    Str: 13    XL:     7   Next: 44%
Magic:  7/7        EV: 15    Int: 10    God:    Gozag
Gold:   305        SH:  0    Dex: 16    Spells: 6/6 levels left

rFire   + . .        r - +2 rapier (venom)
rCold   . . .        (no shield)
rNeg    . . .        a - +0 hat
rPois   .            (no amulet)
rElec   .            q - ring of protection from fire
rCorr   .            (no ring)
SInv    .            (no ring)
Will    .....        (no ring)
Stlth   ++           (no ring)
HPRegen 0.28/turn    (no ring)
MPRegen 0.10/turn    (no ring)
                     (no ring)

%: no passive effects
@: gold aura
A: almost no armour, amphibious, 8 rings, camouflage 1, gelatinous body 1,
(nimble swimmer 1), tentacles
a: Renounce Religion, Potion Petition, Call Merchant, Bribe Branch


You were on level 5 of the Dungeon.
You worshipped Gozag.
Gozag was aware of your devotion.
You visited 1 branch of the dungeon, and saw 5 of its levels.

You collected 361 gold pieces.
You paid 56 gold pieces to Gozag.

Inventory:

Hand Weapons
 r - a +2 rapier of venom (weapon)
Missiles
 b - 3 throwing nets (quivered)
 c - a javelin
Armour
 a - a +0 hat (worn)
Jewellery
 q - a ring of protection from fire (left tentacle)
Scrolls
 i - 3 scrolls of identify {unknown}
 j - a scroll of fear {unknown}
 m - a scroll of teleportation {unknown}
 n - a scroll of amnesia {unknown}
 o - a scroll of summoning {unknown}
 s - a scroll of enchant weapon {unknown}
Potions
 d - 2 potions of attraction {unknown}
 e - 4 potions of might {unknown}
 f - 2 potions of lignification {unknown}
 g - 2 potions of heal wounds {unknown}
 h - a potion of mutation {unknown}
 k - a potion of degeneration {unknown}
 l - a potion of brilliance {unknown}
 p - 2 potions of curing {unknown}


   Skills:
 + Level 4.9 Fighting
 - Level 2.0 Throwing
 + Level 5.3 Dodging
 + Level 5.3 Unarmed Combat


You had 6 spell levels left.
You didn't know any spells.
Your spell library contained the following spells:

 Spells                   Type           Power      Damage    Failure   Level
 Freeze                   Ice            0%         1d3       36%         1
 Cigotuvi's Dreadful Rot  Necr/Pois/Air  0%         N/A       50%         2
 Lesser Beckoning         Tloc           0%         N/A       50%         2
 Frozen Ramparts          Ice            0%         1d1       75%         3
 Gell's Gravitas          Tloc           0%         N/A       75%         3
 Ignite Poison            Fire/Tmut/Pois 0%         N/A       75%         3
 Teleport Other           Tloc           0%         N/A       75%         3
 Summon Ice Beast         Ice/Summ       0%         N/A       98%         4
 Freezing Cloud           Conj/Ice/Air   0%         6-21      100%        5
 Summon Mana Viper        Hex/Summ       0%         N/A       100%        5
 Dispersal                Tloc           0%         N/A       100%        6
 Monstrous Menagerie      Summ           0%         N/A       100%        7
 Polar Vortex             Ice            0%         N/A       100%        9


Dungeon Overview and Level Annotations

Branches:
Dungeon (5/15)             Temple (0/1) D:4

Altars:
Gozag
Wu Jian


Innate Abilities, Weirdness & Mutations

You cannot wear most types of armour.
You are amphibious.
You can wear up to eight rings at the same time.
Your skin changes colour to match your surroundings (Stealth+).
Your rubbery body absorbs attacks. (AC +1, EV +1)
((You are camouflaged when in or above water. (Stealth+)))
You have tentacles for arms and can constrict up to eight enemies at once.


Message History

Okay, then.
You hit the orc.
The orc is poisoned.
Your grab misses the orc. You squeeze the orc.
You kill the orc!
You hit the sleepcap. You grab the sleepcap. You squeeze the sleepcap.
The sleepcap is severely damaged.
You constrict the sleepcap, but do no damage.
The sleepcap releases spores at you.
* * * LOW HITPOINT WARNING * * *
The sleepcap releases spores at you but does no damage.
You hit the sleepcap but do no damage. You squeeze the sleepcap.
The sleepcap is almost destroyed.
You constrict the sleepcap, but do no damage.
The sleepcap looks more healthy.
The sleepcap releases spores at you.
* * * LOW HITPOINT WARNING * * *
The orc is distracted by your dazzling golden aura.
The orc shouts!
You hit the sleepcap.
You destroy the sleepcap!
You hit the orc but do no damage. Your grab misses the orc. The orc misses you.
You barely miss the orc. Your grab misses the orc. The orc closely misses you.
You barely miss the orc. You grab the orc.
You constrict the orc, but do no damage.
The orc is no longer distracted by gold.
The orc closely misses you. The orc hits you with a +0 falchion.
* * * LOW HITPOINT WARNING * * *
You hit the orc but do no damage.
The orc is poisoned.
You constrict the orc, but do no damage.
The orc hits you with a +0 falchion.
* * * LOW HITPOINT WARNING * * *
You hit the orc but do no damage.
The orc looks as sick as possible!
You tentacle-slap the orc. You squeeze the orc.
The orc is severely wounded.
You constrict the orc.
You kill the orc!
You closely miss the orc. Your grab misses the orc.
Your tentacle-slap misses the orc.
Your squeeze misses the orc. The orc hits you with a +0 hand axe.
You die...
Your body crumbles into a pile of gold.

#......# ###..
#......# #....
#......# #.##.
#......### #.##.
#..$.....###
#..#....
#.....#....#
#......
####.....#
....###.####
###o#.#
#.......# #@#.#
#.......#
#.$.###......#
##...##......#
##..##......#
#..##......#####
#...#...........
#.#........####.
#.##.#.##### #.
#.##...# ##.


You could see an orc.

Vanquished Creatures
  A black bear (D:5)
  A phantom (D:5)
  3 hounds
  2 sleepcaps (D:5)
  An orc priest (D:4)
  An iguana (D:4)
  8 adders
  2 shadow imps (D:4)
  3 white imps (D:4)
  3 ufetubi (D:4)
  A worm (D:5)
  5 dart slugs
  11 orcs
  A bat (D:2)
  2 endoplasms (D:4)
  3 giant cockroaches
  12 goblins
  10 hobgoblins
  15 jackals
  8 kobolds
  4 quokkas
  10 ball pythons
  A frilled lizard (D:3)
  4 rats (D:1)
112 creatures vanquished.

Notes
Turn   | Place    | Note
-------+----------+-------------------------------------------
     0 | D:1      | Ethylacetat the Octopode Gladiator began the quest for the
                  | Orb.
     0 | D:1      | Reached XP level 1. HP: 14/14 MP: 1/1
    97 | D:1      | Reached XP level 2. HP: 16/19 MP: 2/2
   353 | D:1      | Found a faded altar of an unknown god.
   848 | D:2      | Reached XP level 3. HP: 22/25 MP: 3/3
  1576 | D:3      | Reached XP level 4. HP: 28/30 MP: 4/4
  1636 | D:3      | Found an ornate altar of the Wu Jian Council.
  1675 | D:3      | Reached XP level 5. HP: 12/36 MP: 5/5
  1988 | D:3      | Got Sif Muna's Catalogue of the Singularity and Graupel
  2325 | D:4      | Reached XP level 6. HP: 28/43 MP: 6/6
  2533 | D:4      | Found an opulent altar of Gozag.
  2563 | D:4      | Became a worshipper of Gozag Ym Sagoz the Greedy
  2835 | D:4      | Found a staircase to the Ecumenical Temple.
  3133 | D:5      | Entered Level 5 of the Dungeon
  3179 | D:5      | Noticed a black bear
  3184 | D:5      | Killed a black bear
  3185 | D:5      | Reached skill level 5 in Dodging
  3185 | D:5      | Reached skill level 5 in Unarmed Combat
  3185 | D:5      | Reached XP level 7. HP: 25/49 MP: 7/7
  3633 | D:5      | Slain by an orc

Illustrated notes

Levels and vault maps discovered:
D:1:      ebering_trefoil_twist, layout_basic, nicolae_ecumenical_lake_church
D:2:      layout_basic
D:3:      layout_rooms, overflow_temple_1_default
D:4:      layout_cave_pools, grunt_gozag_breadcrumbs,
          minmay_temple_entry_antechambers, serial_demonic, serial_demonic_d,
          serial_demonic_d, serial_demonic_b, serial_demonic_g, grunt_tough_drop
D:5:      layout_rooms, minmay_statues_item

Skill      XL: |  1  2  3  4  5  6 |
---------------+-------------------+-----
Fighting       | 3 4 |  4.9
Unarmed Combat | 4 5 |  5.3
Dodging        | 4 5 |  5.3
Throwing       | |  2.0

Action                     |  1- 3 |  4- 6 |  7- 9 || total
---------------------------+-------+-------+-------++-------
  Melee: Unarmed           |    73 |   151 |    14 ||   238
         Constrict         |    21 |    43 |    10 ||    74
         Tentacles         |    13 |    41 |    19 ||    73
         Punch             |     4 |    12 |     2 ||    18
         Rapier            |       |       |    19 ||    19
   Stab: Sleeping          |     9 |     5 |     1 ||    15
 Armour: Skin              |     3 |     5 |     3 ||    11
  Dodge: Dodged            |    45 |   116 |    20 ||   181

Table legend: (Time is in decaauts)
 A = Elapsed time spent in this place.
 B = Non-inter-level travel time spent in this place.
 C = Inter-level travel time spent in this place.
 D = Time resting spent in this place.
 E = Time spent auto-exploring this place.
 F = Levels seen in this place.
 G = Mean time per level.
                   A        B        C        D        E       F      G
               +--------+--------+--------+--------+--------+-----+--------+
         Total |   3617 |   3506 |    111 |      0 |   2870 |   5 |  723.4 |
       Dungeon |   3617 |   3506 |    111 |      0 |   2870 |   5 |  723.4 |
               +--------+--------+--------+--------+--------+-----+--------+

Top non-repeatable levels by time:
     D:4: 964 daAuts
     D:2: 786 daAuts
     D:1: 775 daAuts
     D:3: 591 daAuts
     D:5: 500 daAuts
